 Dungeon Crawl Stone Soup version 0.26-a0-1132-ge9770dfcb6 (webtiles) character file.

Game seed: 10721881594414290345

221 Hopman the Skirmisher (level 6, 0/49 HPs)
             Began as a Human Fighter on Dec 20, 2020.
             Was an Initiate of Elyvilon.
             Killed by divine providence
             ... invoked by an orc priest
              (8 damage)
             ... on level 3 of the Dungeon.
             The game lasted 00:07:00 (3015 turns).

Hopman the Skirmisher (Human Fighter)               Turns: 3015, Time: 00:07:01

Health: 0/49       AC:  8    Str: 19    XL:     6   Next: 19%
Magic:  6/6        EV:  7    Int:  8    God:    Elyvilon [......]
Gold:   109        SH:  9    Dex: 12    Spells: 5/5 levels left

rFire    . . .     SeeInvis .   a - +0 long sword
rCold    . . .     Faith    .   c - +0 kite shield
rNeg     . . .     Spirit   .   b - +0 scale mail
rPois    .         Reflect  .   (no helmet)
rElec    .         Harm     .   h - +0 cloak
rCorr    .         Rampage  .   (no gloves)
Will     .....                  (no boots)
Stlth    ..........             (no amulet)
HPRegen  0.16/turn              (no ring)
MPRegen  0.10/turn              (no ring)

@: mighty
A: no striking features
a: Renounce Religion


You were on level 3 of the Dungeon.
You worshipped Elyvilon.
Elyvilon was noncommittal.
You visited 1 branch of the dungeon, and saw 3 of its levels.

You collected 109 gold pieces.

Inventory:

Hand Weapons
 a - a +0 long sword (weapon)
Armour
 b - a +0 scale mail (worn)
 c - a +0 kite shield (worn)
 h - a +0 cloak (worn)
Scrolls
 e - a scroll of amnesia {unknown}
 f - a scroll of teleportation
 j - 4 scrolls of fog {unknown}
 k - 4 scrolls of identify {unknown}
 l - 2 scrolls of remove curse {unknown}
 m - a scroll of immolation {unknown}
Potions
 g - 2 potions of degeneration {unknown}
 i - 2 potions of curing {unknown}
 n - a potion of attraction {unknown}
 o - 2 potions of heal wounds {unknown}


   Skills:
 * Level 4.3 Fighting
 * Level 3.8 Long Blades
 + Level 3.6 Armour
 + Level 3.7 Shields


You had 5 spell levels left.
You didn't know any spells.
Your spell library was empty.

Dungeon Overview and Level Annotations

Branches:
Dungeon (3/15)

Altars:
Ashenzari
Cheibriados
Elyvilon
Kikubaaqudgha
Sif Muna
Yredelemnul


Message History

You slash the orc!
You kill the orc!
As you read the scroll labelled LAWUAM NESI, it crumbles to dust.
You feel strangely unstable.
It was a scroll of teleportation.
Your surroundings suddenly seem different.
An orc comes into view. It is wielding a +0 dagger.
The orc shouts!
An orc priest comes into view. It is wielding a +0 flail.
The orc priest shouts!
An orc priest comes into view. It is wielding a +0 trident.
The orc priest shouts!
An orc comes into view. It is wielding a +0 hand axe.
The orc shouts!
The orc priest invokes the aid of Beogh against you.
Pain shoots through your body!
* * * LOW HITPOINT WARNING * * *
The orc moves out of view.
The orc priest mumbles some strange prayers to Beogh against you.
Beogh smites you!
You die...

########(.#.#.#...#.###.#.#
............#.##...#......#
.....>......#.##..###.#...##
########.o..#.#..## ##.<...#
# #...o#>#...###.#....# #
#...o.......#....)..#
#.#..........###....#
#.#.####...#####....# #.#.#
#.@..........# #.#.#
#.#.####..##.#
#####.#.###.#..# #..# .#
#..........# #.# #..# .#
#.......###.#.#####..##.#
#..##.######............#
#..##........######..####
#..##.######.<.......#
#..##.# #########.#


You could see 2 orc priests and an orc.

Vanquished Creatures
  An orc priest (D:3)
  An orc wizard (D:3)
  A worker ant (D:3)
  6 adders
  2 oozes (D:2)
  2 worms (D:2)
  3 dart slugs
  2 leopard geckos (D:1)
  4 orcs (D:3)
  A ball python (D:1)
  6 giant cockroaches
  4 goblins
  4 hobgoblins
  A quokka (D:3)
  7 bats
  5 frilled lizards (D:1)
  6 kobolds
  11 rats
67 creatures vanquished.

Notes
Turn   | Place    | Note
-------+----------+-------------------------------------------
     0 | D:1      | Hopman the Human Fighter began the quest for the Orb.
     0 | D:1      | Reached XP level 1. HP: 18/18 MP: 1/1
   255 | D:1      | You fall into a shaft and drop 1 floor!
   278 | D:2      | Reached XP level 2. HP: 13/24 MP: 2/2
   484 | D:2      | Reached XP level 3. HP: 11/29 MP: 3/3
  1475 | D:2      | Reached XP level 4. HP: 35/35 MP: 4/4
  1679 | D:2      | Found a white marble altar of Elyvilon.
  1687 | D:2      | Became a worshipper of Elyvilon the Healer
  1892 | D:2      | Found a basalt altar of Yredelemnul.
  2037 | D:2      | Found an ancient bone altar of Kikubaaqudgha.
  2180 | D:2      | Found a shimmering blue altar of Sif Muna.
  2297 | D:3      | Reached XP level 5. HP: 34/42 MP: 5/5
  2387 | D:3      | Reached skill level 4 in Fighting
  2525 | D:3      | Found a broken altar of Ashenzari.
  2969 | D:3      | Found a snail-covered altar of Cheibriados.
  3003 | D:3      | Reached XP level 6. HP: 19/48 MP: 6/6
  3015 | D:3      | Killed from afar by an orc priest

Illustrated notes

Levels and vault maps discovered:
D:1:      dpeg_arrival_lava_temple_mockup, layout_basic, serial_corexii_hall,
          corexii_hall_statues_l, corexii_hall_statues_i,
          chequers_serial_rivers_small_3
D:2:      layout_rooms, kennysheep_ying_yang, lemuel_blue_sif_altar,
          marbit_many_paths, due_unseen_surprise
D:3:      layout_loops_ring, ashenzari_altar_1, lemuel_coloured_pillars_altar,
          kennysheep_slug_shrine

Skill      XL: |  1  2  3  4  5 |
---------------+----------------+-----
Long Blades    | 3 |  3.8
Fighting       | 4 |  4.3
Armour         | |  3.6
Shields        | |  3.7

Action                   |  1- 3 |  4- 6 || total
-------------------------+-------+-------++-------
Melee: Long sword        |   102 |   155 ||   257
  Use: Potion            |       |     1 ||     1
       Scroll            |       |     1 ||     1
Armor: Scale mail        |    42 |    98 ||   140
Dodge: Dodged            |    30 |    46 ||    76
Block: Kite shield       |    48 |   102 ||   150
       Rpst.: Long sword |    10 |    16 ||    26

Table legend: (Time is in decaauts)
 A = Elapsed time spent in this place.
 B = Non-inter-level travel time spent in this place.
 C = Inter-level travel time spent in this place.
 D = Time resting spent in this place.
 E = Time spent auto-exploring this place.
 F = Levels seen in this place.
 G = Mean time per level.
                   A        B        C        D        E       F      G
               +--------+--------+--------+--------+--------+-----+--------+
         Total |   3111 |   3056 |     55 |    627 |   1765 |   3 | 1037.0 |
       Dungeon |   3111 |   3056 |     55 |    627 |   1765 |   3 | 1037.0 |
               +--------+--------+--------+--------+--------+-----+--------+

Top non-repeatable levels by time:
     D:1: 1254 daAuts
     D:2: 1030 daAuts
     D:3: 825 daAuts
